 Dungeon Crawl Stone Soup version 0.23-a0-239-g84a5ed292d (webtiles) character file.

240 PikkenKukken the Skirmisher (level 6, -4/38 HPs)
             Began as a Gargoyle Fighter on Sept 26, 2018.
             Was an Initiate of Okawaru.
             Killed by divine providence
             ... invoked by an orc priest
              (15 damage)
             ... on level 4 of the Dungeon.
             The game lasted 00:03:58 (2408 turns).

PikkenKukken the Skirmisher (Gargoyle Fighter)      Turns: 2408, Time: 00:03:58

Health: -4/38      AC: 14    Str: 21    XL:     6   Next: 8%
Magic:  6/6        EV:  8    Int:  9    God:    Okawaru [......]
Gold:   196        SH:  9    Dex:  9    Spells: 5/5 levels left

rFire    . . .     SeeInvis .   a - +1 flail
rCold    . . .     Gourm    .   c - +0 shield
rNeg     + . .     Faith    .   e - +3 scale mail {MR+}
rPois    ∞         Spirit   .   (no helmet)
rElec    +         Reflect  .   (no cloak)
rCorr    .         Harm     .   (no gloves)
MR       +....                  (no boots)
Stlth    ..........             (no amulet)
HPRegen  0.12/turn              (no ring)
MPRegen  0.10/turn              (no ring)

@: no status effects
A: negative energy resistance 1, electricity resistance, unbreathing,
petrification resistance, rot immunity, AC +4
a: Renounce Religion


You were on level 4 of the Dungeon.
You worshipped Okawaru.
Okawaru was noncommittal.
You were hungry.

You visited 1 branch of the dungeon, and saw 4 of its levels.

You collected 196 gold pieces.

Inventory:

Hand Weapons
 a - a +1 flail (weapon)
Armour
 b - a +0 scale mail
 c - a +0 shield (worn)
 e - a +3 scale mail of magic resistance (worn)
Jewellery
 k - an uncursed ring of magical power {unknown}
Potions
 d - a potion of might
 g - 2 potions of heal wounds
 j - 2 potions of flight
Comestibles
 f - 4 rations


   Skills:
 + Level 4.1 Fighting
 * Level 3.9 Maces & Flails
 + Level 4.1 Armour
 + Level 1.5 Dodging
 + Level 4.0 Shields
 + Level 0.9 Invocations


You had 5 spell levels left.
You didn't know any spells.
Your spell library contained the following spells:

 Spells                   Type           Power        Failure   Level  Hunger
 Summon Small Mammal      Summ           #...         99%         1    ##.....
 Call Imp                 Summ           #.......     100%        2    ###....
 Call Canine Familiar     Summ           #.......     100%        3    ####...
 Summon Guardian Golem    Hex/Summ       #.......     100%        3    ####...
 Summon Ice Beast         Ice/Summ       #.......     100%        4    #####..
 Summon Lightning Spire   Summ/Air       #.......     100%        4    #####..


Dungeon Overview and Level Annotations

Branches:
Dungeon (4/15)
 Temple: D:4-7

Altars:
Okawaru


Innate Abilities, Weirdness & Mutations

You are resistant to torment.
Your stone body is resilient. (AC +4)
You are immune to poison.
You resist negative energy. (rN+)
You are resistant to electric shocks. (rElec)
You can survive without breathing.
You are immune to petrification.
You are immune to rotting.


Message History

You kill the orc!
Okawaru accepts your kill.
No target in view!
No target in view!
Found 23 sling bullets.
Found a stone staircase leading down.
You see here a ring mail.
An orc comes into view.
A leopard gecko, an orc and an orc priest come into view.
The leopard gecko hisses angrily.
The orc shouts! x2
A jackal skeleton comes into view.
An orc priest comes into view. It is wielding an enchanted hand axe.
The orc priest curses repeatedly, as Orcs often do.
The orc priest invokes the aid of Beogh against you.
Beogh smites you!
The orc priest calls down the wrath of Beogh upon you.
Beogh smites you!
* * * LOW HITPOINT WARNING * * *
The orc priest calls down the wrath of Beogh upon you.
Beogh smites you!
You die...

........#.#.#.....##....
.>......#.#.#.#...#..#..
........#.#...#.....###.
........#..#..##........
.........[....##..##...#
........##..#...........
##########..#........###
########.....#........###
.......#@##..#........##.
.....oZol##...........##.
.........................
.........#####........##.
...oo..### ...........
....... .........##
....... .####...##
....... #.....# .......
#.....#


You could see 2 orc priests, 2 orcs, a leopard gecko and a jackal skeleton.

Vanquished Creatures
  A howler monkey (D:4)
  11 adders
  A gnoll (D:2)
  5 worms
  2 dart slugs (D:1)
  A leopard gecko (D:2)
  4 orcs
  A ball python (D:1)
  8 bats
  6 giant cockroaches
  7 goblins
  12 hobgoblins
  4 jackals (D:1)
  2 frilled lizards (D:3)
  2 kobolds (D:1)
  10 rats
77 creatures vanquished.

Notes
Turn   | Place    | Note
-------+----------+-------------------------------------------
     0 | D:1      | PikkenKukken the Gargoyle Fighter began the quest for the
                  | Orb.
     0 | D:1      | Reached XP level 1. HP: 14/14 MP: 1/1
   111 | D:1      | Reached XP level 2. HP: 19/19 MP: 2/2
   302 | D:1      | Reached XP level 3. HP: 22/23 MP: 3/3
   804 | D:2      | Reached XP level 4. HP: 21/29 MP: 4/4
   836 | D:1      | Reached skill level 1 in Dodging
  1208 | D:2      | Reached XP level 5. HP: 27/33 MP: 5/5
  1237 | D:2      | Found an iron altar of Okawaru.
  1245 | D:2      | Became a worshipper of Warmaster Okawaru
  2108 | D:4      | Reached XP level 6. HP: 19/38 MP: 6/6
  2408 | D:4      | Killed from afar by an orc priest

Vault maps used:
D:1:      erik_arrival_triangle_large
D:2:      okawaru_altar_gauntlet_db, nicolae_underground_beach
D:3:      first_ration, serial_curves, eino_curves_02, eino_curves_01
D:4:      lemuel_crystal_altar, minmay_temple_entry_enclosed_plants

Skill      XL: |  1  2  3  4  5 |
---------------+----------------+-----
Maces & Flails | 3 |  3.9
Dodging        | 1 |  1.5
Armour         | 4 |  4.1
Fighting       | 4 |  4.1
Shields        | 4 |  4.0
Invocations    | |  0.9

Action                   |  1- 3 |  4- 6 || total
-------------------------+-------+-------++-------
Melee: Flail             |   137 |   245 ||   382
  Use: Scroll            |     3 |     4 ||     7
  Eat: Chunk             |       |     5 ||     5
Armor: Scale mail        |   103 |   153 ||   256
Dodge: Dodged            |    53 |    92 ||   145
Block: Shield            |    68 |   128 ||   196

Table legend:
 A = Non-vault XP
 B = Vault XP
 C = Vault XP percentage of total XP
 D = Non-vault monster count
 E = Vault monster count
 F = Vault count percentage of total count
                 A         B        C        D         E       F
            +---------+---------+-------+---------+---------+-------
      Total |     318 |      26 |   7.6 |      71 |       6 |   7.8
            +---------+---------+-------+---------+---------+-------
        D:1 |     112 |       0 |   0.0 |      34 |       0 |   0.0
        D:2 |      60 |      26 |  30.2 |      14 |       6 |  30.0
        D:3 |      72 |       0 |   0.0 |      18 |       0 |   0.0
        D:4 |      74 |       0 |   0.0 |       5 |       0 |   0.0
            +---------+---------+-------+---------+---------+-------
